 Dungeon Crawl Stone Soup version 0.21-a0-351-g38363bb (webtiles) character file.

41 4thArraOfDagon the Skirmisher (level 3, -1/37 HPs)
             Began as an Ogre Enchanter on Oct 9, 2017.
             Splashed by a jelly's acid (7 damage)
             ... on level 5 of the Dungeon.
             The game lasted 00:04:04 (1108 turns).

4thArraOfDagon the Skirmisher (Ogre Enchanter)      Turns: 1108, Time: 00:04:04

Health: -1/37      AC: -5    Str: 12    XL:     3   Next: 52%
Magic:  6/6        EV: 10    Int: 17    God:
Gold:   88         SH:  0    Dex:  9    Spells: 1/6 levels left

rFire    . . .     SeeInvis .   f - +0 flail
rCold    + . .     Gourm    .   (no shield)
rNeg     . . .     Faith    .   b - +0 robe
rPois    .         Spirit   .   (helmet restricted)
rElec    .         Reflect  .   (no cloak)
rCorr    .         Harm     .   (gloves unavailable)
MR       .....                  (boots unavailable)
Stlth    +.........             (no amulet)
HPRegen  0.12/turn              l - ring of protection from fire
MPRegen  0.10/turn              r - ring of ice

@: confused, corroded
A: unfitting armour, tough skin 1
a: no special abilities


You were on level 5 of the Dungeon.
You were not hungry.

You visited 1 branch of the dungeon, and saw 5 of its levels.

You collected 88 gold pieces.

Inventory:

Hand Weapons
 a - a +1 dagger
 f - a +0 flail (weapon)
 g - a +0 club
Armour
 b - a +0 robe (worn)
Jewellery
 l - a ring of protection from fire (left hand)
 r - a ring of ice (right hand)
Scrolls
 n - a scroll of identify {unknown}
 o - a scroll of fear {unknown}
Potions
 e - a potion of curing
 h - a potion of heal wounds {unknown}
 m - a potion of magic {unknown}
 p - a potion of lignification {unknown}
Books
 c - a book of Maledictions

   Spells                             Type                      Level
   a - Corona                         Hexes                        1
   b - Ensorcelled Hibernation        Hexes/Ice                    2
   c - Confuse                        Hexes                        3
   d - Tukima's Dance                 Hexes                        3
   e - Dazzling Spray                 Conjuration/Hexes            3
 k - a book of Minor Magic

   Spells                             Type                      Level
   a - Magic Dart                     Conjuration                  1
   b - Blink                          Translocation                2
   c - Call Imp                       Summoning                    2
   d - Slow                           Hexes                        2
   e - Conjure Flame                  Conjuration/Fire             3
   f - Mephitic Cloud                 Conjuration/Poison/Air       3
Comestibles
 d - 3 bread rations
 i - a meat ration
 q - a royal jelly


   Skills:
 + Level 3.1 Fighting
 - Level 0.8 Short Blades
 + Level 1.5 Maces & Flails
 - Level 1.7 Dodging
 - Level 2.1 Stealth
 - Level 2.4 Spellcasting
 - Level 2.6 Hexes


You had one spell level left.
You knew the following spells:

 Your Spells              Type           Power        Failure   Level  Hunger
a - Corona                Hex            ##.....      6%          1    #......
b - Ensorcelled Hibernat  Hex/Ice        #.....       16%         2    ##.....
c - Blink                 Tloc           N/A          28%         2    ##.....


Dungeon Overview and Level Annotations

Branches:
Dungeon (5/15)
 Temple: D:4-7

Altars:
Gozag

Shops:
D:5 [


Innate Abilities, Weirdness & Mutations

You are too large for most types of armour.
You have tough skin. (AC +1)


Message History

Aim: a jelly (chance to defeat MR: 55%)
The jelly is outlined in light.
The jelly hits you. The acid corrodes you!
You are splashed with acid!
The acid burns!
You hit the jelly.
Your hands burn!
The jelly is lightly wounded.
The jelly hits you.
You are splashed with acid!
The acid burns!
Unknown command.
The jelly hits you. The acid corrodes you!
You are splashed with acid!
The acid burns!
* * * LOW HITPOINT WARNING * * *
Unknown command.
Unknown command.
Unknown command.
Unknown command.
It was a potion of ambrosia.
You are confused.
You feel invigorated. The jelly hits you.
* * * LOW HITPOINT WARNING * * *
You are splashed with acid!
The acid burns!
You die...

#..###...####..#
#..###...####..#######
#.........#.....#....#
..........'.....#....#
..........#.....#....+
#..##...###...###)...#
######+####...###....#
#.....#.....##
#.....#@J....#
#.....#...†..#
#.##.###....## .
#####.##.#####.###...
#......#..............
#......#..............
####..###.###...####..
#..# #.# #...# ....
... ......


You could see a jelly.

Vanquished Creatures
  An adder (D:2)
  A dart slug (D:3)
  2 leopard geckos
  5 orcs
  A giant cockroach (D:5)
  2 hobgoblins
  A jackal (D:2)
  2 quokkas (D:2)
  4 bats
  2 kobolds
  3 rats
24 creatures vanquished.

Notes
Turn   | Place    | Note
-------+----------+-------------------------------------------
     0 | D:1      | 4thArraOfDagon the Ogre Enchanter began the quest for the Orb.
     0 | D:1      | Reached XP level 1. HP: 16/16 MP: 3/3
    51 | D:1      | Reached skill level 1 in Fighting
   238 | D:2      | Reached skill level 2 in Fighting
   238 | D:2      | Reached XP level 2. HP: 14/28 MP: 5/5
   306 | D:2      | Reached skill level 1 in Maces & Flails
   468 | D:2      | Reached XP level 3. HP: 5/36 MP: 3/6
   472 | D:2      | Learned a level 2 spell: Ensorcelled Hibernation
   606 | D:2      | Found an opulent altar of Gozag.
   825 | D:4      | Reached skill level 3 in Fighting
   835 | D:4      | Noticed a phantom
   892 | D:5      | Entered Level 5 of the Dungeon
  1048 | D:5      | Learned a level 2 spell: Blink
  1051 | D:5      | Noticed a scorpion
  1071 | D:5      | Found Jeiset's Antique Armour Shop.
  1108 | D:5      | Splashed by a jelly's acid

Vault maps used:
D:1:      lightli_arrival_flooded_house
D:2:      grunt_gozag_statues, nicolae_overflow_hidden_temple, first_bread
D:4:      fedhas_altar_1, portal_sewer_entry_e, uniq_duvessa
D:5:      serial_shops, shop_fountains

Skill      XL: |  1  2  3 |
---------------+----------+-----
Fighting       | 2 3 |  3.1
Maces & Flails | 1 |  1.5
Short Blades   | |  0.8
Dodging        | |  1.7
Stealth        | |  2.1
Spellcasting   | |  2.4
Hexes          | |  2.6

Action                   || total
-------------------------++-------
Melee: Dagger            ||    37
       Flail             ||    42
 Cast: Corona            ||    12
  Use: Potion            ||     3
       Scroll            ||     1
 Stab: Sleeping          ||     2
  Eat: Chunk             ||     1
Armor: Robe              ||    55
Dodge: Dodged            ||    83

Table legend:
 A = Spawn XP
 B = Non-spawn XP
 C = Spawn XP percentage of total XP
 D = Spawn monster count
 E = Non-spawn monster count
 F = Spawn count percentage of total count
 G = Total turns spent on level
                    A         B        C        D         E        F      G
               +---------+---------+-------+---------+---------+-------+---------
         Total |       0 |      59 |   0.0 |       0 |      24 |   0.0 |  1108
               +---------+---------+-------+---------+---------+-------+---------
           D:1 |       0 |       6 |   0.0 |       0 |       3 |   0.0 |   173
           D:2 |       0 |      33 |   0.0 |       0 |      13 |   0.0 |   471
           D:3 |       0 |       6 |   0.0 |       0 |       3 |   0.0 |    90
           D:4 |       0 |      12 |   0.0 |       0 |       4 |   0.0 |   158
           D:5 |       0 |       2 |   0.0 |       0 |       1 |   0.0 |   216
               +---------+---------+-------+---------+---------+-------+---------
